 Dungeon Crawl Stone Soup version 0.17-a0-186-g8d083fd (webtiles) character file.

48731 Tabbe the Nimble (level 14, -1/79 HPs)
             Began as a Kobold Berserker on Mar 26, 2015.
             Was the Champion of Trog.
             Slain by a death yak (4 damage)
             ... on level 8 of the Lair of Beasts on Mar 27, 2015.
             The game lasted 00:52:38 (18457 turns).

Tabbe the Nimble (Kobold Berserker)                Turns: 18457, Time: 00:52:39

Health: -1/79      AC:  7    Str: 18    XL:     14   Next: 88%
Magic:  0/37       EV:  3    Int:  7    God:    Trog [******]
Gold:   1363       SH:  0    Dex: 20    Spells: 0 memorised, 13 levels left

rFire  + . .     SeeInvis .     U - +9 quick blade
rCold  . . .     Clarity  .     B - +0 leather armour
rNeg   + + +     SustAb   .     G - +2 buckler
rPois  ∞         Gourm    .     n - +1 helmet
rElec  .         Spirit   +     E - +0 cloak
rCorr  .         Warding  .     (no gloves)
rMut   .         Stasis   .     Y - +0 pair of boots
MR     +....                    S - amulet of guardian spirit
Stlth  +++++++...               Q - ring of stealth
                                D - ring of magical power

@: petrified, somewhat resistant to hostile enchantments, extremely stealthy
A: carnivore 3, clever 1, fire resistance 1, frail 1, regeneration 1, spit
poison 1, strong 1
a: Spit Poison, Burn Spellbooks, Berserk, Trog's Hand, Brothers in Arms,
Renounce Religion


You were on level 8 of the Lair of Beasts.
You worshipped Trog.
Trog was exalted by your worship.
You were very full.

You visited 2 branches of the dungeon, and saw 18 of its levels.
You also visited: Sewer and Ice Cave.

You collected 1363 gold pieces.

Inventory:

Hand weapons
 L - a +0 blowgun
 M - a +2 dagger of flaming
 P - the +5 rapier of Noinkyos {drain, rN+ Int-2 Dex+4}
   (You found it on level 7 of the Dungeon)

   A truly terrible weapon, it drains the life of those it strikes.
   It affects your intelligence (-2).
   It affects your dexterity (+4).
   It protects you from negative energy.
 T - the +1 hand crossbow of the Enchanted Forest {speed, rElec rPois MR- MP+9}
   (You found it in an ice cave)

   Attacks with this weapon are significantly faster.
   It insulates you from electricity.
   It protects you from poison.
   It affects your resistance to hostile enchantments.
   It affects your magic capacity (+9).
 U - a +9 quick blade (weapon)
 W - a +2 short sword of holy wrath
 X - a +3 rapier of venom
Missiles
 r - 131 bolts
 w - 41 poisoned needles
Armour
 n - a +1 helmet (worn)
 B - a +0 leather armour (worn)
 E - a +0 cloak (worn)
 G - a +2 buckler (worn)
 Y - a +0 pair of boots (worn)
Jewellery
 a - an uncursed amulet of the gourmand {unknown}
 e - an uncursed ring of teleport control
 x - an uncursed ring of protection from cold
 D - a ring of magical power (left hand)
 N - an uncursed ring of teleportation
 Q - a ring of stealth (right hand)
 S - an amulet of guardian spirit (around neck)
Magical devices
 q - a wand of teleportation (2)
 z - a wand of teleportation (3)
 A - a wand of teleportation (7)
 F - a wand of confusion (14)
 O - a wand of fireball (5)
 R - a wand of digging (11)
 V - a wand of frost (17)
 Z - a wand of teleportation (5)
Scrolls
 d - 10 scrolls of remove curse
 f - 7 scrolls of teleportation
 k - 3 scrolls of fear
 l - 3 scrolls of fog
 m - a scroll of immolation
 p - 4 scrolls of magic mapping
 v - 2 scrolls of noise
 y - 5 scrolls of recharging
Potions
 b - 2 potions of flight
 g - 5 potions of might
 i - 6 potions of curing
 o - 4 potions of brilliance
 s - 8 potions of heal wounds
 t - 2 potions of agility
 u - a potion of haste
 C - 2 potions of ambrosia
 I - 2 potions of resistance
 J - 2 potions of restore abilities
Books
 h - a book of the Warp

   Spells                             Type                      Level
   a - Recall                         Summoning/Translocation      3
   b - Control Teleport               Charms/Translocation         4
   c - Force Lance                    Conjuration/Translocation    4
   d - Phase Shift                    Translocation                5
   e - Warp Weapon                    Charms/Translocation         5
   f - Gell's Gravitas                Hexes/Translocation          5
   g - Summon Forest                  Summoning/Translocation      5
   Trog disapproves of the use of such an item.
Comestibles
 c - 8 meat rations
 j - 4 slices of pizza
 H - a royal jelly


   Skills:
 + Level 10.8 Fighting
 - Level 12.7 Short Blades
 - Level 1.5 Armour
 + Level 13.2 Dodging
 - Level 12.9 Stealth
 - Level 10.9 Shields
 - Level 10.9 Evocations


You had 13 spell levels left.
You didn't know any spells.

Dungeon Overview and Level Annotations

Branches:
Dungeon (10/15)            Temple (0/1) D:4            Lair (8/8) D:10
  Swamp (0/5) Lair:5       Spider (0/5) Lair:4        Slime (0/6) Lair:7
    Orc: D:9-12

Altars:
Cheibriados
Kikubaaqudgha
Trog
Vehumet
Xom
Yredelemnul
Zin
Jiyva


Innate Abilities, Weirdness & Mutations

You are small and have problems with some larger weapons.
You are carnivorous and can eat meat at any time.
Your mind is acute. (Int +2)
Your flesh is heat resistant.
You are frail (-10% HP).
Your natural rate of healing is unusually fast.
You can spit poison.
Your muscles are strong. (Str +2)


Message History

The catoblepas completely misses you.
The death yak is engulfed in calcifying dust.
The death yak gores you!
The death yak gores you but does no damage.
The death yak gores you! The catoblepas gores you!! The death yak gores you!!
* * * LOW HITPOINT WARNING * * *
The death yak barely misses you. The death yak gores you!
* * * LOW HITPOINT WARNING * * *
The catoblepas gores you!
* * * LOW HITPOINT WARNING * * *
The death yak gores you but does no damage.
The death yak completely misses you. The death yak gores you!
* * * LOW HITPOINT WARNING * * *
The catoblepas gores you!
* * * LOW HITPOINT WARNING * * *
The death yak gores you.
* * * LOW HITPOINT WARNING * * *
The death yak gores you!
You die...

.##P..#
8.##..#
.#...P#
..÷.#..##
.#P....#
...÷#...#
.#.P..P# .
#...#...#
.#.....# ...
##...#.P.#
###..÷.#
.8..#....#...#
# ##....
..÷.....##..##
##...#
#....YY#..##
#♣...
#..Y@#.##
##.YY..#
##.....#
........#
#####P..##
###.# ###


You could see 4 death yaks and a catoblepas.

Vanquished Creatures
  A frost giant (IceCv)
  Fannar (Lair:1)
  An ice dragon (Lair:1)
  2 hydras
  9 death yaks
  A hill giant (D:10)
  An ice statue (IceCv)
  A griffon (Lair:3)
  5 elephants (Lair:8)
  4 black mambas
  2 torpor snails
  8 spiny frogs
  8 komodo dragons
  2 fire drakes
  A wandering mushroom (Lair:7)
  2 trolls
  18 polar bears
  Grinder (D:5)
  A two-headed ogre (D:9)
  7 blink frogs (Lair:4)
  4 basilisks
  3 trapdoor spiders (Lair:4)
  A wyvern (D:10)
  44 yaks
  A spriggan (D:7)
  11 hippogriffs
  A deep elf mage (D:10)
  A deep elf fighter (D:10)
  21 wolves
  A hungry ghost (D:9)
  6 swamp worms (Lair:5)
  Edmund (D:4)
  13 porcupines
  13 ice beasts
  8 water moccasins
  5 sky beasts
  A black bear (D:9)
  8 ogres
  An eye of draining (D:10)
  3 orc warriors
  4 phantoms
  3 wasps
  9 crocodiles
  2 centaurs
  9 giant frogs
  4 big kobolds
  A gnoll sergeant (D:10)
  A wyvern zombie (D:8)
  5 scorpions
  3 wights (D:9)
  A goliath beetle (D:6)
  3 crimson imps
  2 electric eels (Lair:5)
  A wasp zombie (D:9)
  12 hounds
  2 giant frog skeletons
  A giant frog zombie (D:7)
  Crazy Yiuf (D:4)
  2 orc priests (D:4)
  A centaur skeleton (D:9)
  3 jellies
  13 orc wizards
  6 worker ants
  7 iguanas
  22 sheep
  Ijyb (D:7)
  A hound zombie (D:6)
  2 mummies (D:9)
  2 hound skeletons
  44 river rats
  4 gnolls (D:10)
  4 shadow imps
  32 adders
  4 giant mites
  A worm (D:2)
  An adder zombie (D:8)
  4 adder skeletons
  4 giant geckos
  3 oozes
  48 orcs
  6 ball pythons
  20 bats
  5 giant cockroaches
  2 gnoll zombies (D:5)
  12 goblins
  18 hobgoblins
  29 jackals
  37 kobolds
  8 quokkas
  A ball python skeleton (D:4)
  A giant gecko zombie (D:7)
  5 giant newts
  21 rats
  2 fungi
663 creatures vanquished.

Vanquished Creatures (others)
  7 wolves (IceCv)
  3 fungi
  2 plants (Lair:8)
12 creatures vanquished.

Grand Total: 675 creatures vanquished

Notes
Turn   | Place    | Note
--------------------------------------------------------------
     0 | D:1      | Tabbe, the Kobold Berserker, began the quest for the Orb.
     0 | D:1      | Reached XP level 1. HP: 14/14 MP: 1/1
    87 | D:1      | Reached XP level 2. HP: 13/19 MP: 2/2
   260 | D:1      | Reached skill level 1 in Stealth
   537 | D:1      | Reached XP level 3. HP: 24/24 MP: 3/3
   562 | D:1      | Acquired Trog's second power
  1104 | D:2      | Reached XP level 4. HP: 22/29 MP: 4/4
  2041 | D:3      | Found a glowing drain.
  2060 | Sewer    | Entered a sewer
  2079 | Sewer    | Noticed a big kobold
  2086 | Sewer    | Killed a big kobold
  2086 | Sewer    | Reached skill level 5 in Short Blades
  2086 | Sewer    | Reached XP level 5. HP: 34/34 MP: 5/5
  2271 | Sewer    | Reached XP level 6. HP: 28/39 MP: 6/6
  3428 | D:4      | Found a staircase to the Ecumenical Temple.
  3461 | D:4      | Reached skill level 6 in Short Blades
  3503 | D:4      | Acquired Trog's third power
  3590 | D:4      | Reached XP level 7. HP: 44/44 MP: 7/7
  3597 | D:4      | Reached skill level 5 in Fighting
  3991 | D:4      | Noticed Edmund
  4016 | D:4      | Killed Edmund
  4016 | D:4      | Reached skill level 5 in Dodging
  4016 | D:4      | Reached skill level 5 in Stealth
  4111 | D:4      | Noticed Crazy Yiuf
  4117 | D:4      | Killed Crazy Yiuf
  4124 | D:4      | Got an ancient hammer
  4125 | D:4      | Identified the +8 hammer of the Seer {crush, +Inv rElec MR+ Int-3} (You found it on level 4 of the Dungeon)
  4190 | D:5      | Entered Level 5 of the Dungeon
  4231 | D:5      | Reached skill level 7 in Short Blades
  4231 | D:5      | Reached XP level 8. HP: 32/50 MP: 8/8
  4626 | D:5      | Found a shimmering altar of Xom.
  4628 | D:5      | Noticed Grinder
  4640 | D:5      | Paralysed by Grinder for 6 turns
  4666 | D:5      | Killed Grinder
  4692 | D:5      | Gained mutation: Your mind is acute. (Int +2) [mutagenic meat]
  4693 | D:5      | Gained mutation: You are frail (-10% HP). [mutagenic meat]
  5049 | D:5      | Found a basalt altar of Yredelemnul.
  5141 | D:6      | Reached skill level 8 in Short Blades
  5432 | D:6      | Reached XP level 9. HP: 33/50 MP: 9/9
  6033 | D:7      | Found an ancient bone altar of Kikubaaqudgha.
  6239 | D:7      | Noticed Ijyb
  6245 | D:7      | Killed Ijyb
  6496 | D:7      | Reached skill level 9 in Short Blades
  6645 | D:7      | Got a bloodstained rapier
  6646 | D:7      | Identified the +5 rapier of Noinkyos {drain, rN+ Int-2 Dex+4} (You found it on level 7 of the Dungeon)
  6661 | D:7      | Got a blackened falchion
  6662 | D:7      | Identified the +2 falchion of Tenacity {slice, +Inv Int+2} (You found it on level 7 of the Dungeon)
  7350 | D:8      | Found a bloodstained altar of Trog.
  7419 | D:8      | Reached skill level 1 in Evocations
  7466 | D:8      | Reached XP level 10. HP: 57/57 MP: 11/11
  7529 | D:8      | Received a gift from Trog
  7569 | D:8      | Found a radiant altar of Vehumet.
  8047 | D:9      | Reached skill level 5 in Evocations
  8365 | D:9      | Found a glowing silver altar of Zin.
  8423 | D:9      | Received a gift from Trog
  8661 | D:9      | Reached XP level 11. HP: 48/63 MP: 21/21
  8814 | D:9      | Reached skill level 10 in Dodging
  8875 | D:10     | Entered Level 10 of the Dungeon
  8934 | D:10     | Noticed a hill giant
  8937 | D:10     | Killed a hill giant
  8937 | D:10     | Reached skill level 10 in Fighting
  9221 | D:10     | Reached skill level 1 in Shields
  9276 | D:10     | Found a staircase to the Lair.
  9569 | D:10     | Received a gift from Trog
  9948 | Lair:1   | Entered Level 1 of the Lair of Beasts
 10091 | Lair:1   | Noticed an ice dragon
 10101 | Lair:1   | Killed an ice dragon
 10353 | Lair:1   | Reached skill level 5 in Shields
 10457 | Lair:1   | Noticed a seven-headed hydra
 10464 | Lair:1   | Killed a seven-headed hydra
 10464 | Lair:1   | Reached XP level 12. HP: 70/70 MP: 23/23
 10594 | Lair:1   | Noticed Fannar
 10616 | Lair:1   | Killed Fannar
 11212 | Lair:2   | Noticed a six-headed hydra
 11220 | Lair:2   | Killed a six-headed hydra
 11816 | Lair:2   | Gained mutation: Your natural rate of healing is unusually fast. [potion of mutation]
 11816 | Lair:2   | Gained mutation: You can spit poison. [potion of mutation]
 11816 | Lair:2   | Gained mutation: Your flesh is heat resistant. [potion of mutation]
 12402 | Lair:3   | Found a frozen archway.
 12465 | IceCv    | Entered an ice cave
 12621 | IceCv    | Received a gift from Trog
 12780 | IceCv    | Reached XP level 13. HP: 72/74 MP: 21/24
 12805 | IceCv    | Reached skill level 10 in Shields
 12918 | IceCv    | Noticed a death yak
 12987 | IceCv    | Killed a death yak
 13072 | IceCv    | Noticed a death yak
 13073 | IceCv    | Noticed a frost giant
 13129 | IceCv    | Killed a death yak
 13129 | IceCv    | Reached skill level 10 in Short Blades
 13169 | IceCv    | Killed a frost giant
 13169 | IceCv    | Reached skill level 11 in Short Blades
 13217 | IceCv    | Got a translucent hand crossbow
 13264 | IceCv    | Identified the cursed +1 hand crossbow of the Enchanted Forest {speed, rElec rPois MR- MP+9} (You found it in an ice cave)
 13514 | Lair:3   | Found a snail-covered altar of Cheibriados.
 13579 | Lair:3   | Received a gift from Trog
 13850 | Lair:3   | Reached skill level 12 in Short Blades
 14332 | Lair:4   | Found a hole to the Spider Nest.
 14350 | Lair:4   | Reached skill level 10 in Stealth
 14562 | Lair:4   | Received a gift from Trog
 15450 | Lair:5   | Reached XP level 14. HP: 79/79 MP: 26/26
 15658 | Lair:5   | Found a staircase to the Swamp.
 16205 | Lair:6   | Received a gift from Trog
 16259 | Lair:6   | Reached skill level 10 in Evocations
 17005 | Lair:7   | Found a staircase to the Slime Pits.
 17006 | Lair:7   | Found a viscous altar of Jiyva.
 17780 | Lair:8   | Entered Level 8 of the Lair of Beasts
 17786 | Lair:8   | Received a gift from Trog
 17983 | Lair:8   | Gained mutation: Your muscles are strong. (Str +2) [potion of beneficial mutation]
 18262 | Lair:8   | Reached skill level 13 in Dodging
 18457 | Lair:8   | HP: 3/79 [death yak (2)]
 18457 | Lair:8   | Slain by a death yak

Action                   |  1- 3 |  4- 6 |  7- 9 | 10-12 | 13-15 || total
-------------------------+-------+-------+-------+-------+-------++-------
Melee: Short sword       |   120 |   299 |   420 |    34 |       ||   873
       Hammer            |       |       |    14 |       |       ||    14
       Rapier            |       |       |    25 |    89 |    61 ||   175
       Quick blade       |       |       |       |   826 |  1208 ||  2034
Invok: Berserk           |     1 |     8 |     9 |     7 |     7 ||    32
       Trog's Hand       |       |     7 |     6 |     5 |     2 ||    20
Evoke: Wand              |       |       |     3 |     2 |     1 ||     6
  Use: Potion            |       |     2 |     3 |     2 |     1 ||     8
       Scroll            |       |       |       |    18 |     8 ||    26
 Stab: Sleeping          |     2 |     5 |    23 |    32 |    39 ||   101
       Distracted        |     1 |       |     3 |     3 |     4 ||    11
       Fleeing           |       |       |       |       |     3 ||     3
       Petrifying        |       |       |       |       |     1 ||     1
  Eat: Chunk             |    10 |    16 |    19 |    28 |    25 ||    98
       Royal jelly       |       |       |     1 |       |       ||     1
       Pizza             |       |       |     1 |       |       ||     1
